 Dungeon Crawl Stone Soup version 0.28-a0-595-g9f6c0e134a (webtiles) character file.

Game seed: 8054800939674462871

2634 robertstho the Thaumaturge (level 9, 0/63 HPs)
             Began as a Djinni Fire Elementalist on Oct 4, 2021.
             Slain by an orc priest (3 damage)
             ... on level 8 of the Dungeon.
             The game lasted 00:12:48 (10531 turns).

robertstho the Thaumaturge (DjFE)                  Turns: 10531, Time: 00:12:50

Health: 0/63       AC:  4    Str:  7    XL:     9   Next: 92%
Gold:   378        EV: 12    Int: 19    God:
                   SH:  0    Dex: 15

rFire   + + +      SeeInvis .   p - +1 dagger (elec)
rCold   x . .      Faith    .   (no shield)
rNeg    + . .      Spirit   .   n - +1 leather armour {rF+}
rPois   ∞          Reflect  .   (no helmet)
rElec   .          Harm     .   (no cloak)
rCorr   .          Rampage  .   (no gloves)
Will    .....                   (boots unavailable)
Stlth   ++........              (no amulet)
HPRegen 0.20/turn               m - ring of wizardry
MPRegen 0.00/turn               r - ring of positive energy

@: flying
A: sickness immunity, fire resistance 2, cold vulnerability 1, float, innate
caster, hp casting, extra vitality 1
a: no special abilities


You were on level 8 of the Dungeon.
You visited 2 branches of the dungeon, and saw 9 of its levels.
You also visited: Sewer.

You collected 402 gold pieces.
You spent 24 gold pieces at shops.

Inventory:

Hand Weapons
 b - a +3 dagger of pain
 p - a +1 dagger of electrocution (weapon)
Armour
 a - a +0 robe
 n - a +1 leather armour of fire resistance (worn)
 y - +0 steam dragon scales
Jewellery
 m - a ring of wizardry (left hand)
 r - a ring of positive energy (right hand)
Wands
 x - a wand of digging (2)
Scrolls
 d - 3 scrolls of teleportation
 g - a scroll of enchant weapon
 k - 3 scrolls of magic mapping
 o - 2 scrolls of brand weapon
 u - a scroll of fog
Potions
 c - a potion of flight {unknown}
 e - 2 potions of invisibility {unknown}
 f - 2 potions of haste {unknown}
 h - a potion of brilliance {unknown}
 i - 2 potions of magic
 j - a potion of curing {unknown}
 l - a potion of degeneration {unknown}
 q - a potion of mutation {unknown}
 s - 3 potions of lignification {unknown}
 t - a potion of heal wounds {unknown}
 v - a potion of might


   Skills:
 * Level 4.6 Fighting
 + Level 0.2 Short Blades
 + Level 2.9 Armour
 + Level 2.7 Dodging
 + Level 2.1 Stealth
 * Level 9.0 Spellcasting


You had 4 spell levels left.
You knew the following spells:

 Your Spells              Type           Power      Damage    Failure   Level
a - Foxfire               Conj/Fire      100%       2x1d9     1%          1
b - Scorch                Fire           84%        2d9       1%          2
c - Conjure Flame         Conj/Fire      42%        6-21      1%          3
d - Inner Flame           Hex/Fire       42%        N/A       1%          3
e - Flame Wave            Conj/Fire      42%        3d8       1%          4
f - Animate Skeleton      Necr           84%        N/A       1%          1
g - Corpse Rot            Necr/Air       N/A        N/A       1%          2
h - Gell's Gravitas       Tloc           21%        N/A       1%          3
i - Summon Guardian Gole  Hex/Summ       42%        N/A       1%          3
Your spell library was empty.

Dungeon Overview and Level Annotations

Branches:
Dungeon (8/15)             Temple (1/1) D:5           Sewer (visited)
   Lair: D:8-11

Altars:
Ashenzari
Dithmenos
Hepliaklqana
Kikubaaqudgha
Makhleb
Nemelex Xobeh
Qazlal
Ru
Sif Muna
Uskayaw
Vehumet
Wu Jian
Xom
Yredelemnul
Zin
The Shining One

Shops:
D:1 ?!(**

Annotations:
D:4 2 runed translucent doors, Atlas's ghost, novice DgIE; Crazy Yiuf


Innate Abilities, Weirdness & Mutations

You are immune to sickness and miasma.
You are immune to poison.
Your flesh is very heat resistant. (rF++)
You are vulnerable to cold. (rC-)
You float through the air rather than walking.
You learn spells naturally, not from books.
Your magical power is your life essence.
You have superior vitality. (+4 HP)


Message History

An orc priest comes into view. It is wielding a +1 trident of venom.
A killer bee comes into view.
The killer bee buzzes angrily.
The killer bee zombie barely misses you.
The killer bee barely misses you. The killer bee stings you.
The white ugly thing gurgles horribly!
The killer bee stings you. The killer bee barely misses you.
The killer bee closely misses you. The killer bee zombie hits you.
The killer bee stings you!
As you read the scroll of teleportation, it crumbles to dust.
You feel strangely unstable.
The killer bee zombie closely misses you.
The killer bee stings you! The killer bee zombie misses you.
The killer bee misses you.
The orc priest looks encouraged for a moment.
The killer bee misses you. The killer bee zombie hits you.
* * * LOW HITPOINT WARNING * * *
Your surroundings suddenly seem different.
A kobold brigand, 2 orc wizards and a wight come into view.
The kobold brigand is wielding a +0 whip and quivering poisoned darts.
The orc priest hits you from afar with a +1 trident of venom!
* * * LOW HITPOINT WARNING * * *
The kobold brigand moves out of view.
You see here a steam dragon corpse.
It was a potion of magic.
Magic washes over you without effect. The orc priest misses you.
As you read the scroll labelled TOULOC YDEG, it crumbles to dust.
The scroll dissolves into smoke.
It was a scroll of fog.
The orc wizard shouts!
You hear a shout!
The orc priest closely misses you.
The orc wizard hits you with a +0 dagger.
* * * LOW HITPOINT WARNING * * *
As you read the scroll labelled QYEKOA TANUMYRGH, it crumbles to dust.
The creatures around you are filled with an inner flame!
It was a scroll of immolation.
The orc wizard hits you with a +0 dagger.
* * * LOW HITPOINT WARNING * * *
The orc priest hits you from afar with a +1 trident of venom.
You die...

######### .........
#.......####
#.............#
#......... ...#
#....§§§§ ...#
#....§o§# #..#
#..z.§§@####..#
......§o§§##..#
......§.ou.#..#########
.....#.....y..#.......#
.###K#.###....#.8.8.8.#
. #................## #
....................
###.....#..#.......#
.......#.y#_).....#


You could see a white ugly thing (inner flame), a kobold brigand (inner flame),
a killer bee (inner flame), an orc priest (inner flame) and 2 orc wizards.

Vanquished Creatures
  Eustachio (D:5)
  A steam dragon (D:8)
  Duvessa (D:4)
  A sky beast (D:7)
  4 ogres
  2 phantoms
  A bullfrog (D:7)
  4 scorpions
  3 kobold brigands
  2 wyvern zombies (D:6)
  Dowan (D:4)
  A water moccasin skeleton (D:4)
  5 killer bees (D:7)
  2 hounds
  2 centaur zombies
  3 orc priests
  A jelly (D:5)
  2 iguanas
  Terence (D:3)
  Jessica (D:3)
  A gnoll shaman (D:7)
  2 orc wizards
  A howler monkey zombie (D:7)
  5 gnolls (D:7)
  2 river rats
  9 adders
  A white imp (D:7)
  An ufetubus (D:4)
  An adder skeleton (D:4)
  3 worms
  5 dart slugs
  17 orcs
  5 bats
  16 endoplasms
  6 giant cockroaches
  6 hobgoblins
  7 jackals
  4 quokkas
  7 ball pythons
  2 frilled lizards
  3 goblins
  18 kobolds
  A quokka skeleton (D:2)
  10 rats
172 creatures vanquished.

Vanquished Creatures (collateral kills)
  8 foxfires
8 creatures vanquished.

Vanquished Creatures (others)
  265 foxfires
  3 plants
268 creatures vanquished.

Grand Total: 448 creatures vanquished

Notes
Turn   | Place    | Note
-------+----------+-------------------------------------------
     0 | D:1      | robertstho the Djinni Fire Elementalist began the quest for
                  | the Orb.
     0 | D:1      | Reached XP level 1. HP: 15/15 MP: 0/0
    85 | D:1      | Reached XP level 2. HP: 4/21 MP: 0/0
   336 | D:1      | Found Daehunifiopn's Assorted Antiques.
   732 | D:1      | Found Omoos's Magic Scroll Boutique.
   757 | D:1      | Reached skill level 3 in Spellcasting
   895 | D:1      | Bought a scroll of identify for 24 gold pieces
  1028 | D:1      | Found Ucket's Distillery.
  1062 | D:1      | Found Cuvie's General Store.
  1086 | D:1      | Found Vuvyefor's Antique Weapon Boutique.
  1359 | D:1      | Found a faded altar of an unknown god.
  1410 | D:1      | Reached XP level 3. HP: 20/25 MP: 0/0
  1410 | D:1      | Learned a level 1 spell: Animate Skeleton
  2370 | D:2      | Reached XP level 4. HP: 27/31 MP: 0/0
  2973 | D:3      | Reached skill level 1 in Fighting
  2973 | D:3      | Reached skill level 4 in Spellcasting
  2973 | D:3      | Reached XP level 5. HP: 11/37 MP: 0/0
  2973 | D:3      | Learned a level 2 spell: Corpse Rot
  3265 | D:3      | Found a glowing drain.
  3280 | Sewer    | Entered a sewer
  3767 | Sewer    | Noticed a kobold brigand
  3772 | Sewer    | Killed a kobold brigand
  3773 | Sewer    | Reached XP level 6. HP: 38/42 MP: 0/0
  4396 | Sewer    | Reached skill level 5 in Spellcasting
  4527 | D:3      | Noticed Terence
  4532 | D:3      | Killed Terence
  4533 | D:3      | Reached XP level 7. HP: 27/48 MP: 0/0
  4533 | D:3      | Learned a level 3 spell: Gell's Gravitas
  4689 | D:3      | Noticed Jessica
  4695 | D:3      | Killed Jessica
  4696 | D:3      | Reached skill level 1 in Armour
  5740 | D:4      | Found a runed translucent door.
  5985 | D:4      | Found a broken altar of Ashenzari.
  6037 | D:4      | Reached skill level 6 in Spellcasting
  6070 | D:4      | Reached XP level 8. HP: 52/56 MP: 0/0
  6097 | D:4      | Noticed Atlas's ghost (novice DgIE)
  6098 | D:4      | Noticed Dowan
  6101 | D:4      | Noticed Duvessa
  6108 | D:4      | Killed Duvessa
  6109 | D:4      | Killed Dowan
  6701 | D:4      | Found a runed translucent door.
  6702 | D:4      | Noticed Crazy Yiuf
  6860 | D:5      | Entered Level 5 of the Dungeon
  6991 | D:5      | Noticed Eustachio
  7053 | D:5      | Killed Eustachio
  7061 | D:5      | Reached skill level 7 in Spellcasting
  7374 | D:5      | Found a staircase to the Ecumenical Temple.
  7390 | Temple   | Entered the Ecumenical Temple
  8056 | D:6      | Reached XP level 9. HP: 47/62 MP: 0/0
  8056 | D:6      | Learned a level 3 spell: Summon Guardian Golem
  9120 | D:7      | Reached skill level 8 in Spellcasting
 10492 | D:8      | Found a hide-covered altar of Uskayaw.
 10516 | D:8      | Reached skill level 9 in Spellcasting
 10516 | D:8      | Noticed a white ugly thing
 10531 | D:8      | HP: 3/63 [orc wizard (1)]
 10531 | D:8      | Slain by an orc priest

Illustrated notes

Levels and vault maps discovered:
D:1:      lightli_arrival_statuegarden, layout_rooms,
          shapermc_ecumenical_altar_mp_vishouse, serial_shops,
          nicolae_shop_behind_doors, shop_fountains,
          nicolae_shop_window_shopping, shop_fountains, nicolae_shop_crystal
D:2:      layout_rooms, corexii_shack, hangedman_decor_points,
          minmay_pentomino_p2
D:3:      layout_basic, portal_sewer_entry_a, minmay_diced_spiral, uniq_terence,
          uniq_jessica
D:4:      minmay_angry_zag, layout_basic, mainiacjoe_overflow_alcove_1,
          hellmonk_ghost_happy_afterlife, serial_forest,
          infiniplex_forest_end_2, infiniplex_forest_end_1,
          infiniplex_forest_straight_3, infiniplex_forest_straight_2,
          infiniplex_forest_straight_4, infiniplex_forest_split, uniq_duvessa,
          uniq_crazy_yiuf_cottage
D:5:      layout_basic, minmay_temple_entry_grid, uniq_eustachio
D:6:      layout_loops_corners, nicolae_sif_muna_little_library
D:7:      layout_basic
D:8:      hangedman_cross_stitches, layout_basic, eat_drink_and_be_merry_uskayaw
Temple:   nicolae_temple_figure_eight

Skill      XL: |  1  2  3  4  5  6  7  8  9 |
---------------+----------------------------+-----
Spellcasting   | 3 4 5 6 7 9 |  9.0
Fighting       | 1 3 4 |  4.6
Armour         | 1 2 |  2.9
Stealth        | 2 |  2.1
Short Blades   | |  0.2
Dodging        | |  2.7

Action                   |  1- 3 |  4- 6 |  7- 9 || total
-------------------------+-------+-------+-------++-------
Melee: Dagger            |     5 |     3 |    35 ||    43
 Cast: Foxfire           |    46 |    32 |    80 ||   158
       Scorch            |    30 |    60 |    80 ||   170
       Flame Wave        |       |       |    10 ||    10
  Use: Scroll            |       |     4 |     7 ||    11
       Potion            |       |       |     1 ||     1
Armor: Robe              |     3 |       |       ||     3
       Leather armour    |       |     9 |    21 ||    30
Dodge: Dodged            |    11 |    11 |    70 ||    92

Table legend: (Time is in decaauts)
 A = Elapsed time spent in this place.
 B = Non-inter-level travel time spent in this place.
 C = Inter-level travel time spent in this place.
 D = Time resting spent in this place.
 E = Time spent auto-exploring this place.
 F = Levels seen in this place.
 G = Mean time per level.
                   A        B        C        D        E       F      G
               +--------+--------+--------+--------+--------+-----+--------+
         Total |  10528 |  10257 |    271 |    320 |   8946 |  10 | 1052.8 |
       Dungeon |   9071 |   8811 |    260 |    209 |   7750 |   8 | 1133.9 |
        Temple |    234 |    223 |     11 |      0 |    223 |   1 |  234.0 |
         Sewer |   1222 |   1222 |      0 |    111 |    973 |   1 | 1222.0 |
               +--------+--------+--------+--------+--------+-----+--------+

Top non-repeatable levels by time:
     D:3: 1564 daAuts
     D:1: 1518 daAuts
     D:6: 1369 daAuts
     D:4: 1324 daAuts
     D:2: 1227 daAuts
   Sewer: 1222 daAuts
     D:7: 1171 daAuts
     D:5: 848 daAuts
  Temple: 234 daAuts
     D:8: 47 daAuts
